 Dungeon Crawl Stone Soup version 0.26.0-8-g74fc34ddfb (webtiles) character file.

Game seed: 14341266937709472359

89931 Froggeryz the Bludgeoner (level 15, -20/97 HPs)
             Began as a Gargoyle Fighter on Jan 12, 2021.
             Was the Champion of Okawaru.
             Killed from afar by an ogre mage (28 damage)
             ... with a bolt of fire
             ... on level 14 of the Dungeon.
             The game lasted 00:26:17 (25096 turns).

Froggeryz the Bludgeoner (Gargoyle Fighter)        Turns: 25096, Time: 00:26:18

Health: -20/97     AC: 39    Str: 27    XL:     15   Next: 99%
Magic:  17/22      EV:  9    Int: 13    God:    Okawaru [******]
Gold:   1925       SH: 14    Dex: 13    Spells: 14/14 levels left

rFire    . . .     SeeInvis .   E - +8 whip "Itzura Ampi" {elec, *Contam Int+3 Dex+3}
rCold    . . .     Faith    .   c - +0 kite shield
rNeg     + . .     Spirit   .   O - +6 chain mail "Arideq" {Will++}
rPois    ∞         Reflect  .   t - +0 hat
rElec    +         Harm     .   H - +2 cloak {Will+}
rCorr    .         Rampage  .   D - +0 pair of gloves
Will     +++++                  S - +0 pair of boots "Tihi" {Will+ Str+3} (curse)
Stlth    ..........             (no amulet)
HPRegen  0.26/turn              u - ring of willpower
MPRegen  0.18/turn              s - +4 ring of protection

@: finesse, flying, studying Throwing
A: big wings, negative energy resistance 1, electricity resistance, unbreathing,
petrification resistance, miasma immunity, AC +11
a: Stop Flying, Renounce Religion, Heroism, Finesse


You were on level 14 of the Dungeon.
You worshipped Okawaru.
Okawaru was exalted by your worship.
You visited 3 branches of the dungeon, and saw 22 of its levels.
You also visited: Bailey and Ice Cave.

You collected 1925 gold pieces.

Inventory:

Hand Weapons
 r - the +7 whip of Bedazzling Forgiveness {freeze, rF+ Will+, unknown}
   (You found it in an ice cave)

   It has been specially enchanted to freeze those struck by it, causing extra
   injury to most foes and up to half again as much damage against particularly
   susceptible opponents.
   It can also slow down cold-blooded creatures.
   It protects you from fire.
   It affects your willpower, your defense against some magical effects.
 v - a +2 morningstar of protection
 E - the +8 whip "Itzura Ampi" (weapon) {elec, *Contam Int+3 Dex+3}
   (You found it on level 5 of the Dungeon)

   Occasionally, upon striking a foe, it can discharge electrical energy and
   cause terrible harm.
   It affects your intelligence (+3).
   It affects your dexterity (+3).
   It causes magical contamination when unequipped.
 W - a +1 morningstar of protection
Missiles
 Q - 7 javelins (quivered)
Armour
 c - a +0 kite shield (worn)
 t - a +0 hat (worn)
 D - a +0 pair of gloves (worn)
 H - a +2 cloak of willpower (worn)
 L - a +3 chain mail of cold resistance
 O - the +6 chain mail "Arideq" (worn) {Will++}
   (You found it on level 14 of the Dungeon)

   It affects your willpower, your defense against some magical effects.
 S - the cursed +0 pair of boots "Tihi" (worn) {Will+ Str+3}
   (You found it on level 4 of the Lair of Beasts)

   It affects your strength (+3).
   It affects your willpower, your defense against some magical effects.
   It has a curse placed upon it.
Jewellery
 s - a +4 ring of protection (right hand)
 u - a ring of willpower (left hand)
 y - an uncursed ring of resist corrosion
Wands
 b - a wand of acid (12)
 B - a wand of disintegration (17)
 F - a wand of digging (4)
Scrolls
 e - 24 scrolls of remove curse {unknown}
 g - 3 scrolls of fog {unknown}
 h - 5 scrolls of amnesia {unknown}
 i - 18 scrolls of teleportation {unknown}
 j - 4 scrolls of fear {unknown}
 l - 6 scrolls of blinking {unknown}
 p - 26 scrolls of identify {unknown}
 q - 4 scrolls of immolation {unknown}
 w - 5 scrolls of random uselessness {unknown}
 x - 6 scrolls of magic mapping {unknown}
 A - 5 scrolls of enchant weapon {unknown}
 C - 2 scrolls of noise {unknown}
 G - 7 scrolls of enchant armour {unknown}
 U - a scroll of vulnerability {unknown}
Potions
 a - 4 potions of heal wounds {unknown}
 d - 4 potions of might
 f - 3 potions of lignification {unknown}
 k - 4 potions of attraction {unknown}
 m - 4 potions of berserk rage {unknown}
 n - 13 potions of curing {unknown}
 o - 2 potions of mutation {unknown}
 z - a potion of ambrosia {unknown}
 I - 2 potions of haste {unknown}
 J - 2 potions of magic {unknown}
 K - 2 potions of brilliance {unknown}
 N - 2 potions of experience {unknown}
 R - 7 potions of flight {unknown}
 Z - a potion of cancellation {unknown}
Books
 Y - a manual of Throwing


   Skills:
 + Level 12.7 Fighting
 - Level 16.0 Maces & Flails
 * Level 6.8 Throwing
 + Level 11.0 Armour
 - Level 15.0 Shields
 - Level 10.0 Invocations


You had 14 spell levels left.
You didn't know any spells.
Your spell library contained the following spells:

 Spells                   Type           Power        Failure   Level
 Animate Skeleton         Necr           0%           78%         1
 Apportation              Tloc           0%           78%         1
 Beastly Appendage        Tmut           0%           78%         1
 Corona                   Hex            0%           78%         1
 Foxfire                  Conj/Fire      0%           78%         1
 Freeze                   Ice            0%           78%         1
 Summon Small Mammal      Summ           0%           78%         1
 Corpse Rot               Necr/Air       N/A          89%         2
 Ensorcelled Hibernation  Hex/Ice        0%           89%         2
 Poisonous Vapours        Pois/Air       0%           89%         2
 Slow                     Hex            0%           89%         2
 Wereblood                Tmut           0%           89%         2
 Call Canine Familiar     Summ           0%           98%         3
 Confusing Touch          Hex            0%           98%         3
 Conjure Flame            Conj/Fire      0%           98%         3
 Dazzling Flash           Conj/Hex       0%           98%         3
 Frozen Ramparts          Ice            0%           98%         3
 Ignite Poison            Fire/Tmut/Pois 0%           98%         3
 Inner Flame              Hex/Fire       0%           98%         3
 Lesser Beckoning         Tloc           0%           98%         3
 Mephitic Cloud           Conj/Pois/Air  0%           98%         3
 Ozocubu's Armour         Ice            0%           98%         3
 Portal Projectile        Hex/Tloc       0%           98%         3
 Spider Form              Tmut/Pois      0%           98%         3
 Static Discharge         Conj/Air       0%           98%         3
 Tukima's Dance           Hex            0%           98%         3
 Cause Fear               Hex            0%           100%        4
 Hailstorm                Conj/Ice       0%           100%        4
 Ice Form                 Ice/Tmut       0%           100%        4
 Leda's Liquefaction      Hex/Erth       0%           100%        4
 Summon Ice Beast         Ice/Summ       0%           100%        4
 Alistair's Intoxication  Tmut/Pois      0%           100%        5
 Blade Hands              Tmut           0%           100%        5
 Irradiate                Conj/Tmut      0%           100%        5
 Lightning Bolt           Conj/Air       0%           100%        5
 Summon Mana Viper        Hex/Summ       0%           100%        5
 Freezing Cloud           Conj/Ice/Air   0%           100%        6
 Hydra Form               Tmut           0%           100%        6
 Invisibility             Hex            0%           100%        6
 Dragon Form              Tmut           0%           100%        7
 Malign Gateway           Summ/Tloc      0%           100%        7
 Dragon's Call            Summ           0%           100%        9
 Statue Form              Tmut/Erth      Unusable     N/A         6

Dungeon Overview and Level Annotations

Branches:
Dungeon (15/15)            Temple (1/1) D:5            Lair (6/6) D:9
  Swamp (0/4) Lair:3       Spider (0/4) Lair:4        Slime (0/5) Lair:6
    Orc (0/2) D:11         Vaults (0/5) D:14         Bailey (visited)
  IceCv (visited)
 Depths: D:15

Altars:
Ashenzari
Cheibriados
Dithmenos
Elyvilon
Fedhas
Gozag
Hepliaklqana
Kikubaaqudgha
Makhleb
Nemelex Xobeh
Okawaru
Qazlal
Ru
Sif Muna
Trog
Uskayaw
Vehumet
Wu Jian
Xom
Yredelemnul
Zin
The Shining One
Jiyva

Shops:
D:8 (   D:13 }   D:14 =}


Innate Abilities, Weirdness & Mutations

You are resistant to torment.
Your stone body is resilient. (AC +11)
You are immune to poison.
Your large and strong wings let you fly indefinitely.
You resist negative energy. (rN+)
You are resistant to electric shocks. (rElec)
You can survive without breathing.
You are immune to petrification.
You are immune to miasma.


Message History

The ogre mage gestures at you while chanting.
The bolt of cold hits you!!
* * * LOW HITPOINT WARNING * * *
You fly upwards.
There is a stone staircase leading down here.
You completely miss the ogre mage.
The two-headed ogre hits you but does no damage.
You block the two-headed ogre's attack.
The ogre mage hits you but does no damage.
Okay, then.
Okay, then.
Evoke which item? (* to show all) (? for menu, Esc to quit)
Okay, then.
You can now deal lightning-fast blows.
You block the two-headed ogre's attack. x2
You hit the two-headed ogre.
The two-headed ogre is moderately wounded.
The ogre mage points at you and mumbles some strange words.
The bolt of fire hits you!!
You die...

########.........########
...# #.........# ...#
#.........# ...#
#.........# ...#
#..(......# ...#
#.........#
###############..#
##.......#######O#
...............O@#
##.(.....#########
.........'...#
##.......###.# #.......#
#.# #.......# #.#
#.......# #.# #########
#.# #.#


You could see a two-headed ogre (fast) and an ogre mage.

Vanquished Creatures
  Rupert (D:14)
  Agnes (D:14)
  Kirke (Lair:3)
  A frost giant (IceCv)
  An orc warlord (Bailey)
  Snorg (Lair:4)
  Josephine (Lair:4)
  A yaktaur captain (D:14)
  8 hydras
  A centaur warrior (D:14)
  3 two-headed ogres
  A catoblepas (Lair:3)
  3 tengu warriors
  6 death yaks
  Urug (D:11)
  An unseen horror (D:11)
  An orange crystal statue (D:10)
  2 bog bodies (Lair:3)
  2 obsidian statues (D:14)
  A wizard (D:15)
  A lindwurm (Lair:6)
  An orc knight (Bailey)
  10 ugly things
  8 cyclopes
  2 torpor snails
  4 elephants
  An ice statue (IceCv)
  4 black mambas (Lair:6)
  A guardian serpent (shapeshifter) (D:13)
  A gargoyle (D:10)
  11 cane toads
  2 yaktaurs (D:14)
  An efreet (D:14)
  4 komodo dragons
  5 rime drakes
  A troll (D:12)
  A jumping spider (Lair:4)
  A tengu conjurer (D:14)
  21 blink frogs
  8 hornets
  18 polar bears
  4 slime creatures (D:15)
  2 redbacks
  13 spriggans (Lair:6)
  2 shadows
  A spriggan (shapeshifter) (D:13)
  6 wyverns
  66 yaks
  4 wraiths
  4 hogs
  5 basilisks
  6 vampire mosquitoes (D:13)
  2 swamp worms (Lair:3)
  A soldier ant (D:12)
  8 water moccasins
  23 orc warriors
  4 black bears
  7 ice beasts
  4 sky beasts
  12 ogres
  A phantom (D:5)
  2 necrophages (D:9)
  An eye of draining (D:12)
  53 wolves
  5 boggarts (Lair:6)
  11 centaurs
  2 big kobolds
  20 bullfrogs
  A wyvern zombie (D:11)
  A wyvern skeleton (D:13)
  8 scorpions
  25 killer bees
  5 wights (D:14)
  4 electric eels
  3 howler monkeys
  3 centaur zombies
  4 quasits
  A jelly (D:14)
  9 orc priests
  4 hounds
  13 orc wizards
  3 centaur skeletons
  3 iguanas
  14 worker ants
  A killer bee zombie (D:8)
  A centaur simulacrum (D:12)
  2 hound zombies
  A howler monkey zombie (D:7)
  22 gnolls
  A howler monkey skeleton (D:5)
  14 adders
  A shadow imp (D:6)
  3 white imps
  3 ufetubi
  An ooze (D:4)
  2 adder skeletons
  4 worms
  A dart slug (D:4)
  7 leopard geckos
  67 orcs
  A ball python (D:4)
  6 bats
  2 giant cockroaches
  29 goblins
  11 hobgoblins
  11 jackals
  4 quokkas
  8 frilled lizards
  A goblin zombie (D:6)
  5 hobgoblin zombies (D:6)
  18 kobolds
  A kobold skeleton (D:6)
  An orc skeleton (D:6)
  A quokka skeleton (D:4)
  9 rats
  A butterfly (D:5)
754 creatures vanquished.

Vanquished Creatures (others)
  A human (Lair:4)
  26 fungi
  48 plants
75 creatures vanquished.

Grand Total: 829 creatures vanquished

Notes
Turn   | Place    | Note
-------+----------+-------------------------------------------
     0 | D:1      | Froggeryz the Gargoyle Fighter began the quest for the Orb.
     0 | D:1      | Reached XP level 1. HP: 14/14 MP: 1/1
   136 | D:1      | Reached XP level 2. HP: 19/19 MP: 2/2
   218 | D:1      | Reached skill level 3 in Maces & Flails
   579 | D:1      | Reached XP level 3. HP: 23/23 MP: 3/3
   834 | D:2      | Reached skill level 4 in Maces & Flails
  1015 | D:2      | Found a hazy altar of Hepliaklqana.
  1023 | D:2      | Reached XP level 4. HP: 28/28 MP: 4/4
  2040 | D:3      | Reached skill level 5 in Maces & Flails
  2124 | D:3      | Reached XP level 5. HP: 32/32 MP: 5/5
  2386 | D:4      | Noticed an ogre
  2403 | D:4      | Killed an ogre
  2404 | D:4      | Reached skill level 6 in Maces & Flails
  2404 | D:4      | Reached XP level 6. HP: 31/37 MP: 6/6
  2687 | D:4      | Found a basalt altar of Yredelemnul.
  2897 | D:4      | Reached skill level 7 in Maces & Flails
  2958 | D:4      | Reached XP level 7. HP: 16/41 MP: 7/7
  3269 | D:5      | Entered Level 5 of the Dungeon
  3588 | D:4      | Reached skill level 8 in Maces & Flails
  3955 | D:5      | Found a shadowy altar of Dithmenos.
  3997 | D:5      | Reached skill level 9 in Maces & Flails
  3997 | D:5      | Reached XP level 8. HP: 43/46 MP: 8/8
  4038 | D:5      | Found a blossoming altar of Fedhas.
  4345 | D:5      | Got an ichor-stained whip
  4346 | D:5      | Identified the +8 whip "Itzura Ampi" {elec, *Contam Int+3
                  | Dex+3} (You found it on level 5 of the Dungeon)
  4444 | D:5      | Found a staircase to the Ecumenical Temple.
  4449 | Temple   | Entered the Ecumenical Temple
  4879 | D:6      | Reached skill level 10 in Maces & Flails
  5121 | D:6      | Found a glowing golden altar of the Shining One.
  5386 | D:7      | Found an iron altar of Okawaru.
  5460 | D:7      | Became a worshipper of Warmaster Okawaru
  5524 | D:7      | Reached XP level 9. HP: 26/52 MP: 9/9
  5525 | D:7      | Reached skill level 11 in Maces & Flails
  5588 | D:7      | Found a flagged portal.
  5615 | Bailey   | Entered a bailey
  5802 | Bailey   | Reached * piety under Okawaru
  5803 | Bailey   | Reached skill level 5 in Fighting
  5994 | Bailey   | Noticed an orc knight
  6006 | Bailey   | Killed an orc knight
  6006 | Bailey   | Reached ** piety under Okawaru
  6007 | Bailey   | Reached skill level 12 in Maces & Flails
  6432 | Bailey   | Noticed an orc warlord
  6459 | Bailey   | Killed an orc warlord
  6459 | Bailey   | Reached *** piety under Okawaru
  6459 | Bailey   | Reached **** piety under Okawaru
  6460 | Bailey   | Reached skill level 13 in Maces & Flails
  6460 | Bailey   | Reached XP level 10. HP: 63/63 MP: 7/10
  6933 | D:8      | Found Corigg's Antique Weapon Shop.
  6945 | D:8      | Reached ***** piety under Okawaru
  7092 | D:8      | Found a stormy altar of Qazlal.
  7212 | D:8      | Found a shimmering blue altar of Sif Muna.
  7373 | D:8      | Noticed an angel
  7374 | D:8      | Found a glowing silver altar of Zin.
  7852 | D:9      | Noticed an elephant
  7853 | D:9      | Found a staircase to the Lair.
  7868 | D:9      | Reached skill level 5 in Armour
  7868 | D:9      | Reached skill level 5 in Shields
  7868 | D:9      | Reached XP level 11. HP: 46/69 MP: 11/11
  8063 | D:9      | Found a sacrificial altar of Ru.
  8150 | D:9      | Found a shadowy altar of Dithmenos.
  8213 | D:9      | Found an ornate altar of the Wu Jian Council.
  8317 | D:9      | Found a radiant altar of Vehumet.
  8515 | Lair:1   | Entered Level 1 of the Lair of Beasts
  8784 | D:9      | Received a gift from Okawaru
  8785 | D:9      | Got a crude dire flail {god gift}
  8797 | Lair:1   | Reached ****** piety under Okawaru
  9135 | Lair:1   | Reached skill level 10 in Fighting
  9166 | Lair:1   | Reached skill level 1 in Invocations
  9992 | Lair:2   | Received a gift from Okawaru
 10074 | Lair:2   | Noticed a four-headed hydra
 10081 | Lair:2   | Killed a four-headed hydra
 10082 | Lair:2   | Reached XP level 12. HP: 72/77 MP: 14/14
 10913 | Lair:2   | Reached skill level 10 in Shields
 11080 | Lair:2   | Noticed a seven-headed hydra
 11091 | Lair:2   | Killed a seven-headed hydra
 11091 | Lair:2   | Received a gift from Okawaru
 11092 | Lair:2   | Reached skill level 5 in Invocations
 11193 | Lair:2   | Noticed an eight-headed hydra
 11204 | Lair:2   | Killed an eight-headed hydra
 12022 | Lair:3   | Noticed a five-headed hydra
 12031 | Lair:3   | Killed a five-headed hydra
 12278 | Lair:3   | Found a staircase to the Swamp.
 12578 | Lair:4   | Noticed a catoblepas
 12590 | Lair:4   | Noticed Kirke
 12606 | Lair:3   | Reached XP level 13. HP: 61/82 MP: 18/18
 12736 | Lair:3   | Killed Kirke
 12742 | Lair:3   | Received a gift from Okawaru
 12794 | Lair:4   | Noticed Snorg
 12823 | Lair:4   | Killed Snorg
 12937 | Lair:4   | Noticed Josephine
 12952 | Lair:4   | Killed Josephine
 13247 | Lair:4   | Found a hole to the Spider Nest.
 13480 | Lair:4   | Got a pair of bloodstained boots
 13491 | Lair:4   | Identified the cursed +0 pair of boots "Tihi" {Will+ Str+3}
                  | (You found it on level 4 of the Lair of Beasts)
 13571 | Lair:5   | Received a gift from Okawaru
 14711 | Lair:6   | Entered Level 6 of the Lair of Beasts
 14823 | Lair:5   | Received a gift from Okawaru
 15370 | Lair:6   | Reached skill level 15 in Shields
 15370 | Lair:6   | Reached skill level 10 in Invocations
 15414 | Lair:6   | Gained mutation: Your large and strong wings let you fly
                  | indefinitely. [Gargoyle growth]
 15414 | Lair:6   | Reached XP level 14. HP: 88/88 MP: 21/21
 16009 | Lair:6   | Identified the Compendium of Companions
 16113 | Lair:6   | Reached skill level 14 in Maces & Flails
 16410 | Lair:6   | Found a viscous altar of Jiyva.
 16410 | Lair:6   | Found a staircase to the Slime Pits.
 17157 | D:10     | Entered Level 10 of the Dungeon
 17569 | D:10     | Received a gift from Okawaru
 17792 | D:10     | Identified Nesija Giba's Compendium of Gliding Fire
 18214 | D:11     | Noticed Urug
 18234 | D:11     | Killed Urug
 18290 | D:11     | Found a white marble altar of Elyvilon.
 18561 | D:11     | You are sucked into a shaft and drop 3 floors!
 18691 | D:14     | Found Xubborr's Gadget Emporium.
 19656 | D:12     | Reached skill level 15 in Maces & Flails
 19770 | D:12     | Found a frozen archway.
 19787 | IceCv    | Entered an ice cave
 19931 | IceCv    | Reached XP level 15. HP: 95/95 MP: 22/22
 20108 | IceCv    | Got a smoking whip
 20176 | IceCv    | Received a gift from Okawaru
 20687 | IceCv    | Noticed a frost giant
 20749 | IceCv    | Killed a frost giant
 20780 | IceCv    | Reached skill level 10 in Armour
 21274 | D:11     | Found a staircase to the Orcish Mines.
 22138 | D:13     | Found Qesu's Gadget Emporium.
 22442 | D:13     | Reached skill level 16 in Maces & Flails
 22730 | D:14     | Found Moz Fas's Jewellery Boutique.
 22756 | D:14     | Received a gift from Okawaru
 22757 | D:14     | Reached skill level 1 in Throwing
 23325 | D:14     | Found a gate to the Vaults.
 23644 | D:14     | Noticed Agnes
 23671 | D:14     | Killed Agnes
 23923 | D:14     | Got a polished chain mail
 23935 | D:14     | Identified the +6 chain mail "Arideq" {Will++} (You found
                  | it on level 14 of the Dungeon)
 23975 | D:14     | Reached skill level 5 in Throwing
 24344 | D:14     | Noticed Rupert
 24370 | D:14     | Killed Rupert
 24721 | D:15     | Entered Level 15 of the Dungeon
 25096 | D:14     | Killed from afar by an ogre mage

Illustrated notes

Levels and vault maps discovered:
D:1:      elethiomel_arrival_diamonds, layout_basic, serial_glass,
          glass_columns_c, glass_columns_b, feat_on_display, minmay_pentomino_p4
D:2:      layout_basic, lemuel_round_altar
D:3:      layout_loops_ring
D:4:      layout_loops_ring, yredelemnul_altar_generic
D:5:      layout_rooms, lemuel_crystal_altar, minmay_temple_entry_butterflies,
          fedhas_altar_3
D:6:      layout_rooms, nicolae_tso_besieged_by_evil
D:7:      layout_basic, marbit_many_paths, enter_bailey_5, hex_large
D:8:      layout_cave_pools, lemuel_round_altar, zin_angel,
          overflow_temple_1_default, serial_shops, shop
D:9:      layout_stronghold, vehumet_crystals, pdpol_wu_jian_five_deadly_venoms,
          nicolae_ru_the_path_less_chosen, david_lair_generic,
          grunt_dithmenos_smoke
D:10:     layout_roguey, minivault_15
D:11:     layout_irregular_city, david_orc_4, elyvilon_altar_5, uniq_urug
D:12:     layout_cave_pools, serial_ice, serial_ice_c, serial_ice_a,
          serial_ice_b, serial_ice_n, portal_ice_cave_rime,
          hangedman_decor_peaks_small
D:13:     layout_irregular_city, serial_shops, shop, minmay_fractal_squares_5
D:14:     layout_basic, david_vaults_2, serial_shops, nicolae_shop_trees, shop,
          hangedman_abyss_or_decor_stabs, david_greed, uniq_agnes, uniq_rupert
D:15:     hangedman_depths_entry_try_elsewhere_first, layout_basic,
          minmay_misc_feat_roman, hangedman_glass_teeth, uniq_azrael
Temple:   minmay_temple_curvy_loop
Lair:1:   layout_cave_pods
Lair:2:   cheibrodos_lair_overgrown_chateau, layout_cave_pods,
          grunt_megastairs_5
Lair:3:   layout_regular_city, nicolae_swamp_entry_splash_gauntlet,
          chequers_serial_rivers_large_b
Lair:4:   layout_concentric_octagons, spider_nest_entry_a, uniq_josephine,
          uniq_snorg, uniq_kirke
Lair:5:   layout_regular_city
Lair:6:   minmay_lair_end_enchanted_forest, layout_cave_pods, slime_altar_1,
          minivault_19, serial_bayou_pond_c, lemuel_fruit_tree,
          serial_bayou_shore_b, serial_bayou_shore_a, infiniplex_staircase_pool

Skill      XL: |  1  2  3  4  5  6  7  8  9 10 11 12 13 14 15 |
---------------+----------------------------------------------+-----
Maces & Flails | 3 4 5 6 7 9 10 13 15 16 | 16.0
Fighting       | 4 7 8 10 11 12 | 12.7
Armour         | 5 7 9 11 | 11.0
Shields        | 5 9 12 15 | 15.0
Invocations    | 3 7 10 | 10.0
Throwing       | 6 |  6.8

Action                   |  1- 3 |  4- 6 |  7- 9 | 10-12 | 13-15 || total
-------------------------+-------+-------+-------+-------+-------++-------
Melee: Flail             |   121 |   236 |   149 |       |       ||   506
       Whip              |       |       |   266 |   677 |  1980 ||  2923
Throw: Throwing net      |       |     1 |     3 |       |       ||     4
Invok: Heroism           |       |       |     1 |       |     1 ||     2
       Finesse           |       |       |       |       |     2 ||     2
 Abil: Fly               |       |       |       |       |     1 ||     1
Evoke: Wand              |       |       |     1 |       |       ||     1
  Use: Potion            |       |       |     1 |       |       ||     1
 Stab: Held in net/web   |       |     1 |     1 |       |       ||     2
       Petrifying        |       |       |       |       |     3 ||     3
       Petrified         |       |       |       |       |     3 ||     3
Armor: Scale mail        |    87 |    98 |   240 |     4 |       ||   429
       Chain mail        |       |       |       |   331 |   816 ||  1147
Dodge: Dodged            |    38 |    56 |   130 |   141 |   348 ||   713
Block: Kite shield       |    77 |    96 |   211 |   313 |  1090 ||  1787
